 Dungeon Crawl Stone Soup version 0.29-a0-275-g389c0b56f3 (webtiles) character file.

Game seed: 1381821658908281512

71 jmlagarto the Sneak (level 4, -1/27 HPs)
             Began as a Kobold Brigand on Mar 10, 2022.
             Was a Follower of Kikubaaqudgha.
             Slain by Grinder (4 damage)
             ... on level 3 of the Dungeon.
             The game lasted 00:03:57 (2088 turns).

jmlagarto the Sneak (Kobold Brigand)                Turns: 2088, Time: 00:03:59

Health: -1/27      AC:  7    Str:  8    XL:     4   Next: 47%
Magic:  4/4        EV: 15    Int: 12    God:    Kikubaaqudgha [*.....]
Gold:   114        SH:  0    Dex: 18    Spells: 3/3 levels left

rFire   + . .      SeeInvis .   a - +2 dagger
rCold   . . .      Faith    .   (no shield)
rNeg    . . .      Spirit   .   n - +2 robe {rF+}
rPois   .          Reflect  .   (no helmet)
rElec   .          Harm     .   c - +2 cloak
rCorr   .          Rampage  .   (no gloves)
Will    .....                   (no boots)
Stlth   ++++......              (no amulet)
HPRegen 0.09/turn               (no ring)
MPRegen 0.09/turn               (no ring)

@: mighty
A: small, no large weapons, nightstalker 3
a: Renounce Religion, Receive Corpses


You were on level 3 of the Dungeon.
You worshipped Kikubaaqudgha.
Kikubaaqudgha was aware of your devotion.
You visited 1 branch of the dungeon, and saw 3 of its levels.

You collected 138 gold pieces.
You spent 24 gold pieces at shops.

Inventory:

Hand Weapons
 a - a +2 dagger (weapon)
Missiles
 d - 20 poisoned darts (quivered)
 e - 3 curare-tipped darts
 l - 3 atropa-tipped darts
Armour
 b - a +0 robe
 c - a +2 cloak (worn)
 f - a +0 pair of gloves
 n - a +2 robe of fire resistance (worn)
Scrolls
 g - 3 scrolls of teleportation {unknown}
 h - a scroll of blinking {unknown}
 i - a scroll of brand weapon {unknown}
 j - 4 scrolls of identify
 k - a scroll of amnesia {unknown}
 m - a scroll of acquirement {unknown}
 q - a scroll of fog {unknown}
Potions
 o - a potion of flight {unknown}
 p - a potion of curing {unknown}
 r - a potion of might


   Skills:
 + Level 2.9 Fighting
 + Level 3.4 Short Blades
 + Level 2.9 Throwing
 + Level 2.2 Dodging
 * Level 6.0 Stealth


You had 3 spell levels left.
You didn't know any spells.
Your spell library contained the following spells:

 Spells                   Type           Power      Damage    Failure   Level
 Animate Skeleton         Necr           0%         N/A       32%         1
 Summon Small Mammal      Summ           0%         N/A       32%         1
 Corpse Rot               Necr/Air       0%         N/A       45%         2
 Sublimation of Blood     Necr           0%         N/A       45%         2
 Call Canine Familiar     Summ           0%         N/A       69%         3
 Summon Guardian Golem    Hex/Summ       0%         N/A       69%         3
 Vampiric Draining        Necr           0%         2d6       69%         3


Dungeon Overview and Level Annotations

Branches:
Dungeon (3/15)

Altars:
Kikubaaqudgha

Shops:
D:1 *

Annotations:
D:3 Grinder


Innate Abilities, Weirdness & Mutations

You are small and have problems with some larger weapons.
You are completely attuned to the shadows.


Message History

Grinder blinks!
The jackal barely misses you.
You hit the jackal.
The jackal is lightly wounded.
Grinder gestures at you. You resist with significant effort.
The jackal barely misses you.
You hit the jackal.
The jackal is severely wounded.
Grinder hits you.
You writhe in agony.
The jackal misses you.
You hit the jackal.
The jackal is almost dead.
The jackal closely misses you. Grinder barely misses you.
You hit the jackal.
You kill the jackal!
Kikubaaqudgha accepts your kill.
You closely miss the jackal. The jackal misses you. Grinder gestures at you.
You suddenly lose the ability to move!
The jackal bites you but does no damage.
Grinder hits you.
You writhe in agony.
The jackal bites you but does no damage.
Grinder gestures at you. Pain shoots through your body!
The jackal barely misses you.
The jackal bites you but does no damage.
Grinder hits you.
You writhe in agony.
* * * LOW HITPOINT WARNING * * *
The jackal bites you but does no damage.
You can move again.
Unknown command.
Okay, then.
It was a potion of might.
You feel very mighty all of a sudden. Grinder closely misses you.
The jackal completely misses you.
You puncture the jackal!
You kill the jackal!
Kikubaaqudgha accepts your kill. Grinder hits you.
* * * LOW HITPOINT WARNING * * *
You writhe in agony.
You die...
Kikubaaqudgha rasps: "You have failed me!
Welcome... death!"

.#.#.#. #......
#....# .#
#.#####....#.
...
#..5@†h......
#.########.....#
#...## #......
#<.## #......
##..## #..####
##..###.##
##.#...# #...###
#..##


You could see Grinder and a jackal.

Vanquished Creatures
  An orc wizard (D:2)
  A worm (D:2)
  3 orcs (D:2)
  2 endoplasms (D:1)
  2 giant cockroaches
  4 goblins
  6 hobgoblins
  3 jackals (D:3)
  4 kobolds (D:2)
  2 ball pythons (D:1)
  5 bats (D:1)
  2 frilled lizards (D:2)
  3 rats (D:2)
38 creatures vanquished.

Vanquished Creatures (others)
  3 fungi (D:1)
3 creatures vanquished.

Grand Total: 41 creatures vanquished

Notes
Turn   | Place    | Note
-------+----------+-------------------------------------------
     0 | D:1      | jmlagarto the Kobold Brigand began the quest for the Orb.
     0 | D:1      | Reached XP level 1. HP: 12/12 MP: 1/1
   190 | D:1      | You fall into a shaft and drop 1 floor!
   253 | D:2      | Reached XP level 2. HP: 18/18 MP: 2/2
   332 | D:2      | Reached XP level 3. HP: 22/22 MP: 3/3
   756 | D:2      | Reached XP level 4. HP: 27/27 MP: 4/4
  1083 | D:1      | Found Onagex's General Store.
  1087 | D:1      | Bought a scroll of identify for 24 gold pieces
  1448 | D:1      | Found a faded altar of an unknown god.
  1629 | D:1      | Prayed at the altar of an unknown god.
  1629 | D:1      | Became a worshipper of Kikubaaqudgha
  1629 | D:1      | Reached * piety under Kikubaaqudgha
  1629 | D:1      | Received a gift from Kikubaaqudgha
  1756 | D:2      | Reached skill level 6 in Stealth
  2065 | D:3      | Noticed Grinder
  2083 | D:3      | Paralysed by Grinder for 3 turns
  2088 | D:3      | Slain by Grinder

Illustrated notes

Levels and vault maps discovered:
D:1:      psy_arrival_dodecagon, layout_loops_cross,
          shapermc_ecumenical_altar_hornbeckon, serial_shops, shop
D:2:      layout_basic, kennysheep_path_1, minivault_26, minmay_tromino_i4
D:3:      layout_rooms, minivault_23, minmay_goblin_kobold_house, uniq_grinder,
          uniq_terence

Skill      XL: |  1  2  3  4 |
---------------+-------------+-----
Short Blades   | 3 |  3.4
Dodging        | 2 |  2.2
Stealth        | 6 |  6.0
Fighting       | |  2.9
Throwing       | |  2.9

Action                   |  1- 3 |  4- 6 || total
-------------------------+-------+-------++-------
Melee: Dagger            |    34 |    45 ||    79
       Punch             |       |     1 ||     1
  Use: Scroll            |       |     3 ||     3
       Potion            |       |     1 ||     1
 Stab: Sleeping          |    12 |    10 ||    22
Armor: Robe              |       |    13 ||    13
Dodge: Dodged            |    15 |    28 ||    43

Table legend: (Time is in decaauts)
 A = Elapsed time spent in this place.
 B = Non-inter-level travel time spent in this place.
 C = Inter-level travel time spent in this place.
 D = Time resting spent in this place.
 E = Time spent auto-exploring this place.
 F = Levels seen in this place.
 G = Mean time per level.
                   A        B        C        D        E       F      G
               +--------+--------+--------+--------+--------+-----+--------+
         Total |   2090 |   1959 |    131 |      0 |   1708 |   3 |  696.7 |
       Dungeon |   2090 |   1959 |    131 |      0 |   1708 |   3 |  696.7 |
               +--------+--------+--------+--------+--------+-----+--------+

Top non-repeatable levels by time:
     D:2: 1078 daAuts
     D:1: 975 daAuts
     D:3: 37 daAuts
